 Dungeon Crawl Stone Soup version 0.30-a0-778-g2ef04afb54 (console) character file.

Game seed: 8759870439705764599

16 rlgrobin the Chopper (level 2, -3/26 HPs)
             Began as a Meteoran Fighter on Feb 15, 2023.
             Splashed by a jelly's acid (4 damage)
             ... on level 4 of the Dungeon.
             The game lasted 00:01:43 (286 turns).

rlgrobin the Chopper (Meteoran Fighter)              Turns: 286, Time: 00:01:43

Health: -3/26      AC:  2    Str: 17    XL:     2   Next: 94%
Magic:  3/3        EV:  9    Int:  9    God:
Gold:   11         SH:  5    Dex: 13    Spells: 1/1 levels left

rFire   . . .      SeeInvis .    a - +0 war axe
rCold   . . .      Faith    .    c - +0 buckler
rNeg    . . .      Spirit   .    b - +0 scale mail
rPois   .          Reflect  .    (no helmet)
rElec   .          Harm     .    (no cloak)
rCorr   .          Rampage  .    (no gloves)
Will    .....                    (no boots) Stlth
                                 (no amulet)
HPRegen 0.24/turn                (no ring)
MPRegen 0.08/turn                (no ring)

@: corroded, glowing
A: sense surroundings 1, otherworldly, glowing, explore regen
a: no special abilities


You were on level 4 of the Dungeon.
You visited 1 branch of the dungeon, and saw 4 of its levels.

You collected 11 gold pieces.

Inventory:

Hand Weapons
 a - a +0 war axe (weapon)
Armour
 b - a +0 scale mail (worn)
 c - a +0 buckler (worn)
Wands
 i - a wand of quicksilver (8)
Scrolls
 e - a scroll of identify {unknown}
 f - a scroll of enchant armour {unknown}
 g - a scroll of noise {unknown}
 h - a scroll of immolation {unknown}
 j - a scroll of teleportation {unknown}
Potions
 d - 2 potions of might


   Skills:
 - Level 3.2 Fighting
 + Level 3.7 Axes
 - Level 3.6 Armour
 - Level 3.6 Shields


You had one spell level left.
You didn't know any spells.
Your spell library was empty.

Dungeon Overview and Level Annotations

Branches:
Dungeon (4/15) Zot: 2103
 Temple: D:4-7

Altars:


Innate Abilities, Weirdness & Mutations

You passively map a small area around you.
You are easily found by Zot.
You glow in the dark.
You regain HP and MP as you explore.


Message History

The hobgoblin hits you but does no damage.
You hit the hobgoblin.
The hobgoblin is moderately wounded.
The hobgoblin closely misses you. The hobgoblin hits you.
You hit the hobgoblin.
You kill the hobgoblin!
You see here a hobgoblin corpse.
You open the door.
Found a short sword.
There is an open door here.
Found a scroll labelled ABI UMIORUSA.
j - a scroll labelled ABI UMIORUSA
Found a stone staircase leading down.
A hobgoblin comes into view.
The hobgoblin shouts!
The hobgoblin hits you but does no damage.
You hit the hobgoblin.
You kill the hobgoblin!
You see here a hobgoblin corpse.
There is a stone staircase leading down here.
You climb downwards.
Found a stone staircase leading up.
There is a stone staircase leading up here.
A giant cockroach comes into view.
Found 2 stones.
Found a scroll labelled ABI UMIORUSA.
The giant cockroach bites you but does no damage.
You closely miss the giant cockroach. The giant cockroach closely misses you.
You hit the giant cockroach.
You kill the giant cockroach!
A jelly comes into view.
Found a stone staircase leading down.
You see here a scroll labelled ABI UMIORUSA.
You slash the jelly! The acid corrodes you!
Your hands burn!
The jelly is severely wounded.
The jelly hits you.
You are splashed with acid!
The jelly hits you.
You are splashed with acid!
* * * LOW HITPOINT WARNING * * *
You hit the jelly.
Your hands burn!
You die...

* * * *, ***
...##### ## * , ,,
..>... ##.## , ,,
,* ....##....# * **
### #......... ,, ,
#.###.#.#...# *
###..##.......##
**#.<..#..#J#....#
, #.<#.....@.....#*
, ,
,##.##..........##,
,,, ,
#..#...#....#.....
,
#......#...##*...#
#.........## , ...
, ,
*.#.#............#
* ##
..................*
,,
.#.#........#.#...
* ,
.(...#......#.#...
*


You could see a jelly.

Vanquished Creatures
  An endoplasm (D:3)
  2 giant cockroaches
  3 hobgoblins
  2 quokkas (D:2)
  4 ball pythons
  A bat (D:1)
  A kobold (D:3)
14 creatures vanquished.

Vanquished Creatures (others)
  3 withered plants (D:1)
3 creatures vanquished.

Grand Total: 17 creatures vanquished

Notes
Turn   | Place    | Note
-------+----------+-------------------------------------------
     0 | D:1      | rlgrobin the Meteoran Fighter began the quest for the Orb.
     0 | D:1      | Reached XP level 1. HP: 19/19 MP: 2/2
    53 | D:2      | Reached XP level 2. HP: 21/26 MP: 3/3
   281 | D:4      | Noticed a jelly
   285 | D:4      | HP: 1/26 [acid (9)]
   286 | D:4      | Splashed by a jelly's acid

Illustrated notes

Levels and vault maps discovered:
D:1:      spicycebolla_arrival_clurvy, layout_basic,
          chequers_ecumenical_altar_island
D:2:      layout_loops_ring, minmay_close_crescents
D:3:      layout_basic, uniq_grinder
D:4:      minmay_recursive_quarters, layout_cave_pools, serial_co_window_serial,
          co_window_corner_a, co_window_corner_a, co_window_corner_a,
          co_window_paths_a, co_window_paths_a, co_window_corner_b,
          co_window_of_opportunity_b, co_window_broadway_a,
          co_window_unsneaky_path_d, co_window_4corner_a, glass_columns_c,
          glass_columns_a, glass_columns_a, serial_shops,
          nicolae_inconvenience_store

Skill      XL: |  1 |
---------------+----+-----
Axes           | 3 |  3.7
Fighting       | |  3.2
Armour         | |  3.6
Shields        | |  3.6

Action                     || total
---------------------------++-------
  Melee: War axe           ||    31
 Armour: Scale mail        ||    17
  Dodge: Dodged            ||    12
  Block: Buckler           ||     4

Table legend: (Time is in decaauts)
 A = Elapsed time spent in this place.
 B = Non-inter-level travel time spent in this place.
 C = Inter-level travel time spent in this place.
 D = Time resting spent in this place.
 E = Time spent auto-exploring this place.
 F = Levels seen in this place.
 G = Mean time per level.
                   A        B        C        D        E       F      G
               +--------+--------+--------+--------+--------+-----+--------+
         Total |    296 |    296 |      0 |      0 |      0 |   4 |   74.0 |
       Dungeon |    296 |    296 |      0 |      0 |      0 |   4 |   74.0 |
               +--------+--------+--------+--------+--------+-----+--------+

Top non-repeatable levels by time:
     D:3: 195 daAuts
     D:2: 61 daAuts
     D:1: 22 daAuts
     D:4: 16 daAuts
